 Dungeon Crawl Stone Soup version 0.19.1 (webtiles) character file.

287 Host24 the Sneak (level 6, -1/39 HPs)
             Began as a Kobold Assassin on Dec 24, 2016.
             Slain by a worker ant (5 damage)
             ... on level 4 of the Dungeon.
             The game lasted 00:09:58 (4085 turns).

Host24 the Sneak (Kobold Assassin)                  Turns: 4085, Time: 00:09:59

Health: -1/39      AC:  6    Str:  9    XL:     6   Next: 56%
Magic:  6/6        EV: 18    Int: 17    God:
Gold:   174        SH:  0    Dex: 18    Spells: 0 memorised, 5 levels left

rFire  . . .     SeeInvis .     a - +2 dagger
rCold  . . .     Gourm    .     c - +0 robe
rNeg   . . .     Faith    .     (shield restricted)
rPois  .         Spirit   .     (no helmet)
rElec  .         Reflect  .     d - +0 cloak
rCorr  .         Harm     .     (no gloves)
MR     .....                    l - +2 pair of boots
Stlth  +++.......               (no amulet)
                                (no ring)
                                t - +5 ring of intelligence

@: lethally poisoned (-1 -> -9)
A: carnivore 3
a: no special abilities


You were on level 4 of the Dungeon.
You were very full.

You visited 1 branch of the dungeon, and saw 4 of its levels.

You collected 174 gold pieces.

Inventory:

Hand Weapons
 a - a +2 dagger (weapon)
 b - a +0 blowgun
 i - a +0 short sword
 o - a +0 dagger of venom
 r - a +0 hunting sling
Missiles
 e - 17 poisoned needles
 f - 2 curare-tipped needles
 h - 10 tomahawks (quivered)
 q - 34 stones
 s - 30 arrows
 B - 19 sling bullets
Armour
 c - a +0 robe (worn)
 d - a +0 cloak (worn)
 l - a +2 pair of boots (worn)
Jewellery
 t - a +5 ring of intelligence (left hand)
Wands
 y - a wand of random effects (34/48)
Scrolls
 k - 5 scrolls of recharging
 n - a scroll of remove curse
 u - 8 scrolls of identify
 v - 2 scrolls of teleportation {unknown}
 z - a scroll of blinking {unknown}
Potions
 j - a potion of lignification {unknown}
 p - 2 potions of agility {unknown}
 w - a potion of cure mutation {unknown}
 x - a potion of haste
Comestibles
 g - 3 meat rations
 m - 2 beef jerkies


   Skills:
 - Level 4.3 Fighting
 + Level 4.1 Short Blades
 - Level 2.1 Throwing
 - Level 5.3 Dodging
 - Level 5.3 Stealth


You had 5 spell levels left.
You didn't know any spells.

Dungeon Overview and Level Annotations

Branches:
Dungeon (4/15)
 Temple: D:4-7

Altars:
Fedhas

Shops:
D:4 ?

Annotations:
D:3 deskach's ghost, amateur VSFi
D:4 Grinder; Host24's ghost, amateur KoAs; Pikel


Innate Abilities, Weirdness & Mutations

You are small and have problems with some larger weapons.
You are carnivorous and can eat meat at any time.


Message History

Grinder says, "DUCK!"
The worker ant barely misses you.
You hit the worker ant.
The worker ant is severely wounded.
The worker ant waves its antennae.
The worker ant completely misses you.
You hit the worker ant.
The worker ant is severely wounded.
* * * LOW HITPOINT WARNING * * *
You feel sick. The worker ant misses you.
You hit the worker ant but do no damage.
The worker ant is severely wounded.
* * * LOW HITPOINT WARNING * * *
You feel sick. The worker ant completely misses you.
Grinder closely misses you.
You hit the worker ant but do no damage.
The worker ant is severely wounded.
* * * LOW HITPOINT WARNING * * *
You feel sick. The worker ant bites you.
You die...

#............#...
..##...#.5.##...##..#...
.......#...##...##..#...
......#...#.....#..####
.....#...#.....+...
#...#...#.....#....
#...##..##....#.....
..##..Z##..##...##..##..
.......@a..# #..# ##
........5..#
.......##..# .......
#..# ....... ....#
....... ....# .......
....# ....... ...#


You could see Grinder, a worker ant and an adder skeleton.

Vanquished Creatures
  A bullfrog (D:3)
  An orc wizard (D:3)
  2 worker ants (D:4)
  4 adders
  A gnoll (D:1)
  An ooze (D:1)
  A worm (D:3)
  2 dart slugs
  4 leopard geckos
  8 orcs (D:3)
  5 bats
  5 giant cockroaches
  6 goblins
  8 hobgoblins
  3 jackals (D:1)
  2 ball pythons (D:1)
  A frilled lizard (D:1)
  8 kobolds
  10 rats
73 creatures vanquished.

Notes
Turn   | Place    | Note
-------+----------+-------------------------------------------
     0 | D:1      | Host24 the Kobold Assassin began the quest for the Orb.
     0 | D:1      | Reached XP level 1. HP: 12/12 MP: 1/1
   314 | D:1      | Reached XP level 2. HP: 18/18 MP: 2/2
   758 | D:1      | Reached XP level 3. HP: 23/23 MP: 3/3
  1608 | D:1      | Reached XP level 4. HP: 30/30 MP: 4/4
  1934 | D:2      | HP: 1/30 [poisoned by an adder]
  2450 | D:3      | Found a blossoming altar of Fedhas.
  2472 | D:3      | Noticed a bullfrog
  2491 | D:3      | Reached XP level 5. HP: 31/34 MP: 5/5
  2494 | D:3      | Killed a bullfrog
  2631 | D:3      | Noticed deskach's ghost (amateur VSFi)
  3138 | D:3      | Reached skill level 5 in Dodging
  3138 | D:3      | Reached XP level 6. HP: 37/39 MP: 6/6
  3702 | D:4      | Noticed Pikel
  3702 | D:4      | Noticed a slave
  3702 | D:4      | Noticed a slave
  3712 | D:4      | Noticed Host24's ghost (amateur KoAs)
  3749 | D:4      | Found Keniqoz's Magic Scroll Shoppe.
  3764 | D:4      | Noticed Grinder
  3777 | D:4      | Paralysed by Grinder for 7 turns
  4085 | D:4      | Slain by a worker ant

Skill      XL: |  1  2  3  4  5  6 |
---------------+-------------------+-----
Fighting       | 3 4 |  4.3
Dodging        | 3 5 |  5.3
Short Blades   | 4 |  4.1
Throwing       | |  2.1
Stealth        | |  5.3

Action                   |  1- 3 |  4- 6 || total
-------------------------+-------+-------++-------
Melee: Dagger            |   125 |   161 ||   286
 Fire: Blowgun           |       |    19 ||    19
  Use: Scroll            |     2 |     3 ||     5
       Potion            |       |     4 ||     4
 Stab: Sleeping          |     6 |    14 ||    20
       Invisible         |       |     1 ||     1
       Distracted        |       |     1 ||     1
  Eat: Chunk             |    10 |     8 ||    18
Armor: Robe              |    20 |    18 ||    38
Dodge: Dodged            |    75 |   125 ||   200
